Cogmind - Beta 13 *** ADVENTURER MODE // 2024.04.01 @ 19:45:45 // Winter2022/Polymind Player: Compilatron Result: Self-destructed Performance ------------- Evolutions (2) 1000 Regions Visited (5) 1000 Robots Destroyed (0) 0 Value Destroyed (0) 0 Prototype IDs (0) 0 Alien Tech Used (0) 0 Bonus (1883) 1883 TOTAL SCORE: 3713 Bonus ------- Polymind Skill 1536 Pacifist 270 Follower Combat Kills 77 Cogmind --------- Core Integrity 492/550 Matter 0/0 Energy 64/65 System Corruption 0% Temperature Cool (2) Movement Hovering (56) Location -8/Materials Parts ------- > --- POWER (1) -------- Light Deuterium Engine > --- PROPULSION (2) --- Improved Hover Unit Improved Hover Unit > --- UTILITY (3) ------ Hacking Suite System Shield System Restoration Module > --- WEAPON (1) ------- Improved Datajack > --- INVENTORY (1) ---- (None) Peak State ------------ > --- POWER ------------ Light Deuterium Engine > --- PROPULSION ------- Improved Hover Unit Improved Hover Unit > --- UTILITY ---------- Hacking Suite System Shield System Restoration Module > --- WEAPON ----------- Improved Datajack > --- INVENTORY -------- (None) [Rating: 20] Favorites ----------- Power Light Ion Engine Engine Light Ion Engine Propulsion Wheel Wheel Wheel Hover Unit Improved Hover Unit Utility Small Matter Pod Device Tractor Beam Storage Small Matter Pod Processor Visual Processing Unit Hackware Hacking Suite Weapon Improved Datajack Special Melee Weapon Improved Datajack Build | -11 -10 -10 -10 -9 -8 ------- Run | Yrd Mat Min Exi Min Mat Slots Evolved . | . . . . . . Power . | . . . . . . Propulsion . | . . . . . . Utility . | . . . . . . Weapon . | . . . . . . Parts Attached . | . . . . . . Power . | . . . . . . Engine . | . . . . . . Core . | . . . . . . Reactor . | . . . . . . Propulsion . | . . . . . . Treads . | . . . . . . Leg . | . . . . . . Wheel . | . . . . . . Hover . | . . . . . . Flight . | . . . . . . Utility . | . . . . . . Device . | . . . . . . Storage . | . . . . . . Processor . | . . . . . . Hackware . | . . . . . . Protection . | . . . . . . Artifact . | . . . . . . Weapon . | . . . . . . Energy Gun . | . . . . . . Energy Cannon . | . . . . . . Ballistic Gun . | . . . . . . Ballistic Cannon . | . . . . . . Launcher . | . . . . . . Special Weapon . | . . . . . . Impact Weapon . | . . . . . . Slashing Weapon . | . . . . . . Piercing Weapon . | . . . . . . Special Melee Weapon . | . . . . . . Unidentified Prototypes . | . . . . . . Parts Lost . | . . . . . . Power . | . . . . . . Propulsion . | . . . . . . Utility . | . . . . . . Weapon . | . . . . . . Highest Loss Streak . | . . . . . . To Critical Strikes . | . . . . . . Average Slot Usage (%) 78 | . 100 45 80 80 98 Engine 16 | . 20 11 20 20 15 Wheel 27 | . 40 22 40 40 3 Hover 6 | . . . . . 28 Device 7 | . 20 . . . 13 Storage 13 | . 20 11 20 20 1 Processor 3 | . . . . . 18 Hackware 2 | . . . . . 10 Special Melee Weapon 1 | . . . . . 5 Naked Turns 56 | . . 56 . . . Heaviest Build 9 | 9 9 4 4 4 7 Greatest Support 32 | 32 32 20 20 20 20 Greatest Overweight (x) . | . . . . . . Average Overweight (x) . | . . . . . . Largest Inventory Capacity 4 | 4 4 1 1 1 1 Average Capacity 1 | 2 3 . 1 1 . Most Carried 1 | . 1 . . . . Average Carried . | . . . . . . Final Capacity 4 | 4 . 1 1 1 1 Final Carried . | . . . . . . Class Distribution -------------------- 47% | Worker 21% | Recycler 13% | Watcher 10% | Cogmind 6% | Operator Dominant Class ---------------- Recycler | -10/Materials Worker | -10/Mines Worker | -10/Exiles Worker | -9/Mines Watcher | -8/Materials Resources | -11 -10 -10 -10 -9 -8 ----------- Run | Yrd Mat Min Exi Min Mat Matter Collected 62 | . . 12 . 50 . Remotely . | . . . . . . Salvage Created . | . . . . . . Parts . | . . . . . . Haulers Intercepted . | . . . . . . Recyclers Shooed . | . . . . . . Parts Field Recycled . | . . . . . . Retrieved Matter . | . . . . . . Parts Self-Destructed . | . . . . . . Prevented . | . . . . . . Kills | -11 -10 -10 -10 -9 -8 ------- Run | Yrd Mat Min Exi Min Mat Combat Hostiles Destroyed . | . . . . . . Classes Destroyed . | . . . . . . Best Kill Streak . | . . . . . . Combat Bots Only . | . . . . . . Max Kills in Single Turn . | . . . . . . Gunslinging . | . . . . . . Exploded . | . . . . . . Melee . | . . . . . . Uniques/NPCs Destroyed . | . . . . . . Combat | -11 -10 -10 -10 -9 -8 -------- Run | Yrd Mat Min Exi Min Mat Hostile Shots Fired 23 | . 7 . . . 16 Missed 7 | . 2 . . . 5 Damage Taken 164 | . 31 . . . 133 Core 72 | . 14 . . . 58 Absorbed by Shields . | . . . . . . Ignored by Resistances 46 | . 10 . . . 36 Core Remaining (%) 97 | 100 . . . 94 . Volleys Fired . | . . . . . . Largest . | . . . . . . Hottest . | . . . . . . Shots Fired . | . . . . . . Gun . | . . . . . . Cannon . | . . . . . . Launcher . | . . . . . . Special . | . . . . . . Kinetic . | . . . . . . Thermal . | . . . . . . Explosive . | . . . . . . Electromagnetic . | . . . . . . Robot Hit Streak . | . . . . . . Robot Miss Streak . | . . . . . . Penetration Max . | . . . . . . Secondary Targets . | . . . . . . Shots Hit Robots 2 | . . . . . 2 Core Hits 1 | . . . . . 1 Critical Kills . | . . . . . . Critical Parts Destroyed . | . . . . . . Critical Strikes . | . . . . . . Melee Attacks 2 | . . . . . 2 Impact . | . . . . . . Slashing . | . . . . . . Piercing . | . . . . . . Sneak Attacks . | . . . . . . Combat Hostiles . | . . . . . . Follow-up Attacks . | . . . . . . Damage Inflicted 7 | . . . . . 7 Guns . | . . . . . . Cannons . | . . . . . . Explosions . | . . . . . . Melee . | . . . . . . Ramming 7 | . . . . . 7 Kinetic . | . . . . . . Thermal . | . . . . . . Explosive . | . . . . . . Electromagnetic . | . . . . . . Impact . | . . . . . . Slashing . | . . . . . . Piercing . | . . . . . . Highest Corruption . | . . . . . . Average Corruption . | . . . . . . Corruption Purged . | . . . . . . Corruption Blocked . | . . . . . . Overload Shots . | . . . . . . Overflow Damage . | . . . . . . Projectiles . | . . . . . . Explosions . | . . . . . . Melee . | . . . . . . Knockbacks . | . . . . . . Impact . | . . . . . . Kinetic . | . . . . . . Secondary . | . . . . . . Self-Inflicted Damage 3 | . . . . . 3 Shots . | . . . . . . Rammed 1 | . . . . . 1 Targets Rammed 1 | . . . . . 1 Kicked . | . . . . . . Crushed . | . . . . . . Highest Temperature 2 | . . . . . 2 Average Temperature 2 | . . . . . 2 Received Heat Transfer 54 | . . . . . 54 Siege Activations . | . . . . . . Robots Corrupted . | . . . . . . Combat Hostiles . | . . . . . . Parts Fried . | . . . . . . Impact Corruptions . | . . . . . . Robots Melted . | . . . . . . Combat Hostiles . | . . . . . . Parts Melted . | . . . . . . Heat Transferred . | . . . . . . Parts Sabotaged . | . . . . . . Parts Stolen . | . . . . . . Parts Stripped . | . . . . . . Power Chain Reactions . | . . . . . . Alert | -11 -10 -10 -10 -9 -8 ------- Run | Yrd Mat Min Exi Min Mat Peak Influence 165 | . 165 54 . 71 138 Initial 54 | . . 54 . . 23 Average 42 | . 16 53 . 49 56 Maximum Alert Level . | . . . . . . Low Security (%) 100 | 100 100 100 . 100 100 Level 1 . | . . . . . . Level 2 . | . . . . . . Level 3 . | . . . . . . Level 4 . | . . . . . . Level 5 . | . . . . . . High Security . | . . . . . . Max Security . | . . . . . . Squads Dispatched . | . . . . . . Investigation . | . . . . . . Extermination . | . . . . . . Reinforcement . | . . . . . . Assault . | . . . . . . Garrison . | . . . . . . Intercept . | . . . . . . Searches Triggered . | . . . . . . Construction Impeded . | . . . . . . Haulers Reinforced . | . . . . . . Active Scanning Responses . | . . . . . . Cargo Convoy Interrupts . | . . . . . . Stealth | -11 -10 -10 -10 -9 -8 --------- Run | Yrd Mat Min Exi Min Mat Distress Signals 4 | . 2 . . . 2 Communications Jammed . | . . . . . . Distress Signals . | . . . . . . Times Spotted 20 | . 9 . . . 11 Peak Tracking Total 9 | . 9 . . . 8 Tactical Retreats . | . . . . . . Traps | -11 -10 -10 -10 -9 -8 ------- Run | Yrd Mat Min Exi Min Mat Traps Triggered . | . . . . . . Indirectly . | . . . . . . Trap Hack Attempts . | . . . . . . Triggered . | . . . . . . Disarmed . | . . . . . . Reprogrammed . | . . . . . . Reused . | . . . . . . Traps Extracted . | . . . . . . Installed . | . . . . . . Triggered . | . . . . . . Machines | -11 -10 -10 -10 -9 -8 ---------- Run | Yrd Mat Min Exi Min Mat Machines Disabled . | . . . . . . Max in Single Turn . | . . . . . . Machines Repaired . | . . . . . . Machines Dismantled . | . . . . . . Machines Sabotaged . | . . . . . . Overloaded Fab Kills . | . . . . . . Hacking | -11 -10 -10 -10 -9 -8 --------- Run | Yrd Mat Min Exi Min Mat Machines Accessed 2 | . . . . . 2 Terminals 2 | . . . . . 2 Fabricators . | . . . . . . Repair Stations . | . . . . . . Recycling Units . | . . . . . . Scanalyzers . | . . . . . . Garrison Access . | . . . . . . Total Hacks 2 | . . . . . 2 Successful 1 | . . . . . 1 Failed 1 | . . . . . 1 Catastrophic 1 | . . . . . 1 Database Lockouts . | . . . . . . Manual 2 | . . . . . 2 Terminals 2 | . . . . . 2 Fabricators . | . . . . . . Repair Stations . | . . . . . . Recycling Units . | . . . . . . Scanalyzers . | . . . . . . Garrison Access . | . . . . . . Terminal Hacks . | . . . . . . Fabricator Hacks . | . . . . . . Repair Station Hacks . | . . . . . . Recycling Unit Hacks . | . . . . . . Scanalyzer . | . . . . . . Garrison Access Hacks . | . . . . . . Unauthorized Hacks 1 | . . . . . 1 Terminals 1 | . . . . . 1 Operators 1 | . . . . . 1 Fabricators . | . . . . . . Repair Stations . | . . . . . . Recycling Units . | . . . . . . Scanalyzers . | . . . . . . Garrison Access . | . . . . . . Data Cores Recovered . | . . . . . . Used . | . . . . . . Hacking Detections 1 | . . . . . 1 Full Trace Events . | . . . . . . Feedback Events . | . . . . . . Feedback Blocked . | . . . . . . Robot Schematics Acquired . | . . . . . . Robots Built . | . . . . . . Authchips . | . . . . . . Time . | . . . . . . Total Robot Build Rating . | . . . . . . Part Schematics Acquired . | . . . . . . Parts Built . | . . . . . . Authchips . | . . . . . . Time . | . . . . . . Total Part Build Rating . | . . . . . . Parts Repaired . | . . . . . . Time . | . . . . . . Parts Recycled . | . . . . . . Recycled Matter . | . . . . . . Retrieved Matter . | . . . . . . Retrieved Components . | . . . . . . Parts Scanalyzed . | . . . . . . Part Schematics Acquired . | . . . . . . Parts Damaged . | . . . . . . Bothacking | -11 -10 -10 -10 -9 -8 ------------ Run | Yrd Mat Min Exi Min Mat Used RIF Installer . | . . . . . . Robots Hacked 4 | . 1 . . . 3 Non-combat 3 | . 1 . . . 2 Combat 1 | . . . . . 1 Robot Hacks Applied 6 | . 2 . . . 4 parse_system 1 | . . . . . 1 find_terminals 1 | . . . . . 1 map_route 2 | . 1 . . . 1 mark_security 2 | . 1 . . . 1 Relay Couplers Released . | . . . . . . Fabnet Peak Effective % . | . . . . . . Robots Rewired . | . . . . . . Allies Hacked . | . . . . . . Hacks Repelled . | . . . . . . Allies | -11 -10 -10 -10 -9 -8 -------- Run | Yrd Mat Min Exi Min Mat Total Allies 4 | . . 1 . 3 . Largest Group 4 | . . 1 1 4 4 Highest-Rated Group 68 | . . 31 31 68 68 Highest-Rated Ally 31 | . . 31 31 31 28 Total Orders . | . . . . . . Ally Attacks 22 | . . . . 8 14 Total Damage 290 | . . . . 130 160 Kills 4 | . . . . 3 1 Allies Corrupted . | . . . . . . Allies Melted . | . . . . . . Intel | -11 -10 -10 -10 -9 -8 ------- Run | Yrd Mat Min Exi Min Mat Robot Analysis Total 5 | 1 1 1 . . 2 Derelict Logs Recovered 1 | . . 1 . . . Drone Launches . | . . . . . . Drone Recoveries . | . . . . . . Exploration | -11 -10 -10 -10 -9 -8 ------------- Run | Yrd Mat Min Exi Min Mat Turns Passed 530 | 19 117 139 33 116 106 Spaces Moved 582 | 29 121 159 30 121 122 Core 86 | 18 . 68 . . . Treads . | . . . . . . Legs . | . . . . . . Wheels 374 | 11 109 89 30 121 14 Hover 122 | . 12 2 . . 108 Flight . | . . . . . . Fastest Speed 50 | 50 56 50 80 80 56 Average Speed 74 | 68 95 66 80 80 58 Slowest Speed 100 | 100 100 80 80 80 80 Overloaded Moves . | . . . . . . Propulsion Burnouts . | . . . . . . Robots Hopped . | . . . . . . Cave-ins Triggered . | . . . . . . Exploration Rate (%) 21 | 3 29 38 8 32 17 Regions Visited 5 Branch Regions 3 Pre-discovered Areas 1 | . . 1 . . . Known Exits Taken 1 | . 1 . . . . Unknown Exits Taken 4 | 1 . 1 1 1 . Scrap Searched 1 | . . 1 . . . Spaces Dug . | . . . . . . Terrain Destroyed . | . . . . . . Melee . | . . . . . . Projectile . | . . . . . . AOE . | . . . . . . Terrain Rammed . | . . . . . . Walls Destroyed . | . . . . . . Machines Disabled . | . . . . . . Actions | -11 -10 -10 -10 -9 -8 --------- Run | Yrd Mat Min Exi Min Mat Total 673 | 28 121 191 38 139 156 Wait 91 | . . 32 9 19 31 Move 577 | 28 120 158 29 120 122 Hop . | . . . . . . Pick Up 1 | . 1 . . . . Fast Attach . | . . . . . . Attach . | . . . . . . Detach . | . . . . . . Swap . | . . . . . . Drop . | . . . . . . Fire . | . . . . . . Melee 2 | . . . . . 2 Ram 1 | . . . . . 1 Kick . | . . . . . . Crush . | . . . . . . Escape Stasis . | . . . . . . Rewire 1 | . . 1 . . . Trap . | . . . . . . Miscellaneous . | . . . . . . Route ------- -11/Scrapyard -10/Materials (discovered 3 exits: [Mat x2] / *Min) -10/Mines -10/Exiles -9/Mines -8/Materials History --------- Turn | Location | Event 5 | -11/Scrapyard | Discovered new exit (range 15) 20 | -11/Scrapyard | Entered Materials 104 | -10/Materials | Discovered new exit (range 12) 130 | -10/Materials | Discovered new exit (range 29) 130 | -10/Materials | Discovered new exit (range 41) 136 | -10/Materials | Identified exit to Mines 137 | -10/Materials | Entered Mines 140 | -10/Mines | Received a Mining Laser from a helpful Derelict 194 | -10/Mines | Learned location of Zion (-7) 262 | -10/Mines | Deemed a non-threat by the Exiles lab entrance 262 | -10/Mines | Discovered new exit (range 5) 276 | -10/Mines | Entered Exiles 276 | -10/Exiles | Accompanied by 1 ally 289 | -10/Exiles | Discovered new exit (range 13) 309 | -10/Exiles | Entered Mines 309 | -9/Mines | Accompanied by 1 ally 339 | -9/Mines | Discovered new exit (range 10) 407 | -9/Mines | Assisted by bots powering up and referring to "LRC-V3" 425 | -9/Mines | Entered Materials 425 | -8/Materials | Accompanied by 4 allies 531 | -8/Materials | Self-destructed Last Messages --------------- Operator tracking enabled and active. 00457_ K-01 Serf collects debris. 00494_ W-25 Informer distress signal alerts nearby ally. 00495_ O-24 Administrator: "IFF HANDSHAKE FAILED. SECURING TERMINAL." 00495_ Slammed into O-24 Administrator. 00495_ Destabilizing: System interference. 00495_ Visual Processing Unit temporarily disabled. 00496_ Released control of W-25 Informer. 00496_ Took control of O-24 Administrator. 00496_ Extracted analysis data for O-24 Administrator. 00499_ Connecting with Terminal... 00511_ Jacked Y-45 Defender... >>parse_system Reading system data... 00529_ Jacked Y-45 Defender... 00531_ Connecting with Terminal... Map ----- +----------------------------------------------------+ | ??#= """ #??????# ##### #??????? | | ??# """ #??????# #?????? ##??????? | | ??# #????? + #???????????????? | | ??# """ !#???? # #???????????????? | | ??# """ #??? # #???????????????? | | ??# """ #??[ ?# #???????????????? | | ??# #? ??# #???????????????? | | ??################# #???????????????? | | ???????????# ] # #???????????????? | | ???????????# # #???????????????? | | ???????????# """ # ######???????????????? | | ???????????# """ + #????????????????????? | | ???????????# """ # #????????????????????? | | ???????????# !# #????????????????????? | | ???????????######## #????????????????????? | | ??????????????????# #????????????????????? | | ??????????????????# #????????????????????? | | ??????????????????# #????????????????????? | | ??????????????????# ##########???????????? | | ??????????????????# # #???????????? | | ??????????????????# [ # """ #???????????? | | ??????????????????# ==# """ #???????????? | | ??????????????????# # """ #???????????? | | ??????????????????# gY #???????????? | | ??????????????????# #gg #???????????? | | ??????????????????+ # "o" #???????????? | | ??????????????????# % # "T" #???????????? | | ??????????????????# # """ #???????????? | | ??????????????????# ##########???????????? | | ?????????????????# ????????????????????? | | ???????????????? ???????????????????? | | ??????????????? ??????????????????? | | ?????????????? ??????????????????? | | ?????????????##### ###?????????????????? | | ?????????????????## ##???????????????????? | | ??????????????????# #????????????????????? | | ??????????????????# #????????????????????? | | ??????????????????# #????????????????????? | | ??????????????????# #????????????????????? | | ??????????????????# #????????????????????? | | ?????????????????? #????????????????????? | | ??????????????????##+#?????????????????????? | | ???????????????????? ??????????????????????? | | ???????????????????? ??????????????????????? | | ???????????????????????????????????????????? | | ???????????????????????????????????????????? | | ???????????????????????????????????????????? | | ???????????????????????????????????????????? | | ???????????????????????????????????????????? | | ???????????????????????????????????????????? | +----------------------------------------------------+ Best States ------------- Heat Dissipation 25 Energy Generation 19 Energy Capacity 100 Matter Stores 75 Matter Capacity 75 Sight Range 18 Robot Scan Range 15 Terrain Scan Density 10 Resistance: KI 20 Resistance: TH 20 Resistance: EX 20 Resistance: EM 20 Resistance: I 20 Resistance: S 20 Resistance: P 20 Evasion (%) 53 Offensive Hacking 20 Defensive Hacking 10 Item Schematics ----------------- None Robot Schematics ------------------ None Fabricated ------------ Nothing Alien Tech Used ----------------- None Achievements -------------- None Challenges ------------ None Polymind | -11 -10 -10 -10 -9 -8 ---------- Run | Yrd Mat Min Exi Min Mat Hosts 6 | 1 1 1 . 1 2 Combat Hostiles . | . . . . . . Allies . | . . . . . . Unique Host Classes 4 | 1 1 1 . . 1 Average Host Suspicion 24 | 1 32 19 . 7 49 Unsuspicious Activity 83 | 2 . 2 . 50 29 Returns to Shadow . | . . . . . . Fuzzy Dispatches . | . . . . . . Protomatter Created 21 | . . . . 12 9 Used 57 | 5 12 5 . 5 30 Decayed 9 | . . . . . 9 Highest Spend 23 | 5 12 5 . 5 23 Game ------ Seed ClaymoresServoPlating Manual? 0 Play Time 00:12:20 Cumulative 15.2 hours Start 2024.04.01 @ 19:34:13 End 2024.04.01 @ 19:45:45 Sessions 1 Manual Loads 0 Difficulty Adventurer Special Mode Winter2022/Polymind Game No. 13 Rogue 0 Adventurer 11 Explorer 2 Win Type - Total 0 Types 0/0/0/0/0/0/0/0/0 Lore% 23 Gallery% 19 Achievement% 20 Wizard Run 0 Options --------- Layout 1 ASCII 0 Keyboard 0 Movement Numpad Keybinds 0 Fullscreen 1 Font 24/Smallcaps Map View 50x35 Zoom Use 0% Tactical HUD 1 Map Filters NONE Filters NONE Steam 1 RUN: 9d0faad3-4f0d-4019-ad28-ac2c3cd6cb5f